[Event "CCC-GM 2022"]
[Site "Ballerup"]
[Date "2022.05.27"]
[Round "4.4"]
[White "Heimisson, Hilmir Freyr"]
[Black "Blomqvist, Erik"]
[Result "1/2-1/2"]
[ECO "E39"]
[WhiteElo "2323"]
[BlackElo "2523"]
[Annotator "TA"]
[PlyCount "114"]
[EventDate "2022.05.25"]
[EventType "tourn"]
[EventCountry "DEN"]
[SourceTitle "playchess.com"]
[Source "ChessBase"]
[SourceQuality "1"]
[TimeControl "5400+30"]

1. d4 Nf6 2. c4 e6 3. Nc3 Bb4 4. Qc2 c5 5. dxc5 O-O 6. Nf3 Na6 7. e3 Nxc5 8. a3 Bxc3+ 9. Qxc3 b6 {[%emt 0:05:05] E39: Nimzo-Indian: Classical: 4...c5 5 dxc5 0-0.} 10. b4 {[%emt 0:08:13] is the legacy move (10.Be2).} Nce4 11. Qb3 Bb7 {[%emt 0:00:48] Black is slightly better.} 12. Bb2 (12. Bd3 $15) 12... d5 ({Black should play} 12... Ng4 $17 13. Be2 Nexf2) 13. Be2 $11 dxc4 14. Bxc4 Rc8 {[%emt 0:02:28] Strongly threatening ...Ng4.} 15. O-O Qe7 16. Rac1 {[%emt 0:03:10] [#]} Rfd8 $146 ({Predecessor:} 16... Bd5 17. Bxd5 Nxd5 18. h3 h6 19. Rfd1 Rfd8 20. Rxc8 Rxc8 21. Qd3 Nef6 22. e4 Nf4 {½-½ (43) Pogonina,N (2466)-Muetsch,A (2133) Monte Carlo 2017}) 17. Be2 h6 18. h3 Qe8 19. Rxc8 Rxc8 20. Rc1 Rxc1+ 21. Bxc1 Qc8 22. Qc4 Qxc4 23. Bxc4 Bd5 24. Bd3 Ne8 25. Nd4 N4d6 26. Bc2 (26. f3 $5 ) 26... e5 27. Ne2 f6 28. Nc3 Bc4 29. f4 Nc7 30. Kf2 Kf7 31. a4 b5 32. axb5 Ncxb5 33. Na4 exf4 34. exf4 Ke6 35. Be3 Kd5 36. Bh7 Kc6 37. g4 Bf7 38. Bc2 Bc4 39. Bc5 (39. Nb2 $5 ) 39... Kd5 40. Bh7 {[%emt 0:00:11] A strong pair of Bishops.} ({White should try} 40. Nb2 $14) 40... Ne4+ {[%emt 0:00:56] The position is equal.} 41. Bxe4+ Kxe4 {[%emt 0:00:01][%mdl 4096] Endgame KBN-KBN} 42. f5 h5 (42... Bb3 $5 43. Nb2 h5 $11) 43. Kg3 Bb3 44. Nb2 hxg4 45. hxg4 Bf7 46. Nd1 g6 47. Nf2+ Kd5 48. Kf4 a5 49. Be7 axb4 50. Bxb4 gxf5 51. Kxf5 Be6+ 52. Kxf6 Bxg4 53. Nxg4 Nd4 54. Be1 Ke4 55. Nf2+ Kd5 56. Ba5 Nc6 57. Bc3 Nd4 {[%emt 0:00:07] Weighted Error Value: White=0.06 (flawless) /Black=0.07 (flawless)} 1/2-1/2

[Event "CCC-GM 2022"]
[Site "Ballerup"]
[Date "2022.05.27"]
[Round "4.5"]
[White "Brunello, Sabino"]
[Black "Haubro, Martin"]
[Result "1-0"]
[ECO "E48"]
[WhiteElo "2521"]
[BlackElo "2428"]
[Annotator "TA"]
[PlyCount "97"]
[EventDate "2022.05.25"]
[EventType "tourn"]
[EventCountry "DEN"]
[SourceTitle "playchess.com"]
[Source "ChessBase"]
[SourceQuality "1"]
[TimeControl "5400+30"]

1. d4 Nf6 2. c4 e6 3. Nc3 Bb4 4. e3 O-O 5. Bd3 d5 6. Nge2 c5 7. a3 Bxc3+ 8. bxc3 dxc4 9. Bxc4 Qc7 10. Bd3 Nc6 {[#] is now debated instead of 10...e5.} 11. Ng3 $1 $146 {[%emt 0:21:52][%mdl 8] An important novelty. E49: Nimzo-Indian: Rubinstein: 5 Bd3 d5 6 a3 Bxc3+ 7 bxc3.} ({Predecessor:} 11. f4 Rd8 12. O-O b6 13. Ng3 Bb7 14. Qe2 Rd7 15. Bb2 Rad8 16. Rad1 h6 17. Nh5 Nxh5 18. Qxh5 Ne7 {½-½ (49) Tabatabaei,M (2632)-Grischuk,A (2742) Chess.com INT 2022}) 11... e5 12. dxe5 (12. O-O $11 {is superior.}) 12... Nxe5 $15 {[%emt 0:01:21] Hoping for ...Rd8.} 13. Be2 {[%emt 0:01:09] Black is slightly better.} Be6 14. f4 Rad8 15. Qc2 Nc6 16. e4 Bg4 17. Bxg4 Nxg4 18. h3 Nh6 19. O-O f6 20. Be3 b6 21. Rae1 (21. e5 {seems wilder.} Qf7 22. exf6 Qxf6 23. Rae1) 21... Nf7 22. Bc1 Kh8 23. Rf3 Qd7 24. Kh2 Qe6 25. e5 fxe5 26. f5 Qc4 {[%emt 0:02:04][%cal Oc6d4] ...Nd4! is the strong threat.} 27. Re2 Nd6 (27... Na5 $15 {stays ahead.}) 28. Bg5 $16 {[%emt 0:00:35][%mdl 1024] White has strong compensation.} Rde8 (28... Rd7 $16) 29. f6 g6 30. Bh6 $1 Rf7 31. Qd2 Qe6 32. Rd3 $1 Nc4 33. Bg7+ Rxg7 34. fxg7+ Kxg7 35. Qg5 ({Not} 35. Rd7+ Kh8 36. Qd5 Qxd5 37. Rxd5 Kg8 $14) (35. Qd1 $142 $1) 35... Rf8 36. a4 h6 37. Qc1 {[%emt 0:00:19] White is more active.} Rf7 38. Ne4 Qe7 {[%emt 0:02:12] [#]} (38... Ne7 $16 {keeps fighting.}) 39. Qd1 $1 $18 Qh4 $2 (39... Kh8 {was worth a try.} 40. Rd5 Qe6) 40. Rg3 $2 (40. Rd7 $18 Ne7 41. Qd3 Qf4+ 42. g3) 40... Qd8 $16 41. Rd3 (41. Qb1 $16 Qd5 {[#]} 42. Nxc5 $1) 41... Qh4 $1 $18 42. Rd7 Qf4+ 43. g3 {[%emt 0:02:30] White is clearly winning.} Qf5 44. Rxf7+ Qxf7 45. Rf2 Qe8 (45... Qe7 $142 46. Qd5 N4a5) 46. Qd5 Ne3 47. Qd6 {[%emt 0:01:29] Black must now prevent Qc7+.} Nf5 48. Qf6+ Kh7 {[%emt 0:00:06] [#]} 49. Qxf5 $3 {[%emt 0:00:43][%mdl 576] Clearance.  Weighted Error Value: White=0.22 (precise) /Black=0.22 (precise)} 1-0

[Event "CCC-GM 2022"]
[Site "Ballerup"]
[Date "2022.05.27"]
[Round "5.1"]
[White "Blomqvist, Erik"]
[Black "Brondt, Nicolai Kvist"]
[Result "1-0"]
[ECO "B44"]
[WhiteElo "2523"]
[BlackElo "2241"]
[Annotator "TA"]
[PlyCount "77"]
[EventDate "2022.05.25"]
[EventType "tourn"]
[EventCountry "DEN"]
[SourceTitle "playchess.com"]
[Source "ChessBase"]
[SourceQuality "1"]
[TimeControl "5400+30"]

1. e4 c5 2. Nf3 e6 3. d4 cxd4 4. Nxd4 Nc6 5. Bf4 d6 6. Nxc6 {[%emt 0:00:19] B44: Sicilian: Taimanov: 5 Nb5.} bxc6 7. c4 Nf6 8. Nc3 {[%emt 0:01:13] White has an edge.} Be7 {[%emt 0:01:43] [#]} 9. e5 $146 ({Predecessor:} 9. Be2 O-O 10. O-O Bb7 11. Qc2 d5 12. Rfd1 Rc8 13. Bf3 Qa5 14. Qb3 Qb4 15. Be3 dxc4 16. Qxb4 Bxb4 {½-½ (39) Beerdsen,T (2468)-Ziegenfuss,A (2242) Berlin 2021}) 9... dxe5 10. Qxd8+ Bxd8 11. Bxe5 O-O 12. Be2 Nd7 13. Bd6 Re8 14. Bf3 Bb7 15. O-O-O $1 Bb6 {[%emt 0:09:20] [#]} 16. Rd2 ({White should play} 16. Bg3 $1 $16 Nf6 {[#]} 17. Nb5 $1 cxb5 18. Bxb7) 16... Rac8 17. Rhd1 Nf8 18. Na4 {[%emt 0:05:53] White is more active.} Bd8 (18... e5 $16) 19. Nc5 $18 Ba8 20. Kc2 $36 {[%emt 0:01:56][%mdl 2048] Keeping Black busy.} Ng6 21. g3 Ne7 22. g4 {[%emt 0:10:13] Against Nf5} Ng6 23. Be4 Nf8 24. f4 g6 (24... Ba5 {keeps fighting.}) 25. g5 Bb6 (25... e5 {was called for.}) 26. b4 Kg7 27. h4 Bc7 28. Bxc7 Rxc7 29. Rd8 Rc8 30. Rxe8 Rxe8 31. Rd6 e5 32. f5 gxf5 33. Bxf5 Ng6 34. h5 Nf4 35. h6+ Kf8 36. Bxh7 Nh3 37. g6 fxg6 38. Bxg6 Rc8 39. Bf5 {[%emt 0:00:09] Weighted Error Value: White=0.06 (flawless) /Black=0.52} (39. Rd7 $142 Nf4 40. Rf7+ Ke8 41. Rxf4+ Kd8 42. Rf7 Rc7 43. Rf8+ Ke7 44. h7 Kd6 45. Rf6+ Ke7 46. Re6+ Kf8 47. h8=Q#) 1-0

[Event "CCC-GM 2022"]
[Site "Ballerup"]
[Date "2022.05.27"]
[Round "5.2"]
[White "Hacker, Jonas"]
[Black "Komarov, Dimitri"]
[Result "1-0"]
[ECO "B31"]
[WhiteElo "2396"]
[BlackElo "2493"]
[Annotator "TA"]
[PlyCount "101"]
[EventDate "2022.05.25"]
[EventType "tourn"]
[EventCountry "DEN"]
[SourceTitle "playchess.com"]
[Source "ChessBase"]
[SourceQuality "1"]
[TimeControl "5400+30"]

1. e4 c5 2. Nf3 Nc6 3. Bb5 g6 4. O-O Bg7 5. c3 Nf6 6. Re1 O-O 7. d4 d5 8. e5 Ne4 9. Bxc6 bxc6 10. Be3 $1 {[%emt 0:00:42][%mdl 4] is recently more successful than 10.Nbd2. B31: Sicilian: 2...Nc6 3 Bb5 g6.} cxd4 11. cxd4 f6 12. Nbd2 {[%emt 0:03:11] The position is equal.} Nxd2 13. Qxd2 {[%emt 0:00:58] [#]} g5 $146 ({Black should play} 13... Bg4 $11) ({Predecessor:} 13... Bg4 14. exf6 exf6 15. Bh6 Qd6 16. Bxg7 Kxg7 17. Rac1 a5 18. Rc3 Bxf3 19. gxf3 Rf7 {½-½ (46) Pospisil,L (2502)-Bubir,S (2601) ICCF email 2018}) 14. Qc3 $14 Bd7 15. Nd2 fxe5 16. dxe5 Rf5 17. Bd4 e6 18. Nb3 Qc7 19. Nc5 Raf8 20. Rac1 Rf4 21. Nxd7 Qxd7 22. g3 $1 Rf3 23. Qxc6 Qf7 24. Re2 h5 25. Bc5 Rd8 26. Bd6 h4 27. Qc7 Rd7 28. Qc8+ (28. Qc2 $1 $16) 28... Kh7 29. Qc2+ Kh6 30. Qa4 Kh5 (30... Kg6 $14) 31. h3 $16 hxg3 32. Qg4+ Kh6 33. fxg3 Rf5 34. Kg2 {[%emt 0:02:41] 0x0.000a5b1c8c7fdp-1022s more active pieces.} Qg6 35. Rh1 Kh7 36. h4 Bh6 37. h5 $1 Qe8 38. Qa4 (38. Rf1 $16 Rxf1 39. Kxf1) 38... Qd8 $2 (38... g4 $1 $11) 39. Rf1 $36 {[%emt 0:03:19][%mdl 2048] White is on the roll.} Rxf1 40. Kxf1 Rf7+ 41. Kg2 {[%emt 0:00:36][%cal Bf1g2,Bg2g3,Bg3g4][%mdl 32] Hoping for Qc2+.} Qa8 $2 {[%emt 0:05:37][%mdl 8192] [#]} (41... Qc8 $16 {is a better chance.} 42. Kh3 Bg7) 42. Qd4 $2 (42. Qc2+ $1 $18 {is the precise move to win.} Kh8 43. Qg6) 42... Qc6 $2 {[%emt 0:00:43] [#] A mistake that costs the game.} (42... Kh8 $16 43. Qd3 Qg8) 43. Qd3+ $1 $18 Rf5 44. g4 d4+ 45. Kg3 Qh1 46. gxf5 {[%emt 0:00:33] White mates.} g4 47. fxe6+ Kh8 48. Kxg4 Qg1+ 49. Qg3 Qd1 50. Qf3 d3 51. e7 {[%emt 0:00:58] Weighted Error Value: White=0.17 (very precise) /Black=0.53} 1-0

[Event "CCC-GM 2022"]
[Site "Ballerup"]
[Date "2022.05.27"]
[Round "5.3"]
[White "Stefansson, Vignir Vatnar"]
[Black "Brunello, Sabino"]
[Result "0-1"]
[ECO "A40"]
[WhiteElo "2496"]
[BlackElo "2521"]
[Annotator "TA"]
[PlyCount "104"]
[EventDate "2022.05.25"]
[EventType "tourn"]
[EventCountry "DEN"]
[SourceTitle "playchess.com"]
[Source "ChessBase"]
[SourceQuality "1"]
[TimeControl "5400+30"]

1. d4 Nf6 2. c4 e6 3. g3 Bb4+ 4. Nd2 O-O 5. Bg2 d5 6. Ngf3 c6 7. O-O {[%emt 0:00:11] E01: Catalan: Early deviations.} Nbd7 8. Qc2 b5 {[%emt 0:05:09] 8...b6 is setting a new trend.} 9. c5 $1 {[%emt 0:12:56] White is better.} Ba5 {[%emt 0:00:52] [#]} 10. a3 $146 ({Predecessor:} 10. e4 Bc7 11. e5 Ne8 12. Ne1 a5 13. b4 axb4 14. Nb3 f6 15. f4 fxe5 16. fxe5 Rxf1+ 17. Bxf1 {½-½ (45) Sertic,R (2397)-Rogic,D (2578) Sibenik 2012}) 10... Bc7 11. b4 a5 12. Bb2 Ng4 13. h3 Nh6 14. Ne5 Ra6 15. e4 Nf6 (15... a4 $16) 16. g4 (16. a4 $1 $18 {[%cal Oe5c6] Nxc6! is the strong threat.} Bb7 17. axb5 cxb5 18. bxa5 (18. c6 Ba8 $16)) 16... Nxe4 $14 17. Nxe4 dxe4 18. Qxe4 (18. Bxe4 f5 19. gxf5 (19. Nxc6 Qh4 $17) 19... Qg5+ 20. Kh1 Nxf5 $11) 18... f5 19. gxf5 Bxe5 20. Qxe5 Rxf5 21. Qe3 ({White should try} 21. Qe2 $14) 21... Rf7 $11 22. Bc3 Nf5 23. Qe5 Nh4 $1 {[%emt 0:03:41] Strongly threatening ...Rf5.} 24. Be4 {[%emt 0:01:21] Against Rf5} (24. bxa5 $2 Rf5 25. Qd6 Qxd6 26. cxd6 Rg5 $19) (24. Bd2 $11 {keeps the balance.} Nxg2 25. Kxg2) 24... Nf3+ $17 25. Bxf3 Rxf3 26. d5 Ra7 (26... Qf6 $17 27. Qxf6 gxf6) 27. Kg2 (27. dxe6 Re7 28. Rad1 (28. bxa5 $2 Qf8 $19) 28... Qf8 $15) (27. dxc6 $11 Qh4 28. c7) 27... Rf5 28. Qb8 (28. Qe3 $17 {was worth a try.}) 28... Rb7 $19 (28... axb4 $2 29. axb4 Rxa1 30. Bxa1 exd5 31. Rg1 $17) 29. Qd6 Qg5+ (29... Rd7 $1 $19 {[%cal Rd7d6] has better winning chances.} 30. Qxc6 (30. Qxe6+ $2 Rdf7 $19) 30... Rfxd5) 30. Qg3 $17 exd5 31. bxa5 (31. Rae1 $17 axb4 32. axb4) 31... Rbf7 {[%emt 0:00:52] And now ...Qxg3+ would win.} 32. f4 Qd8 {[%emt 0:00:29] White must now prevent ...Rh5.} 33. Qe3 Rh5 (33... Re7 $17 34. Qd4 Qd7) 34. Rf3 $15 Bf5 (34... Re7 $1 $17 35. Qf2 Bf5) 35. Rg3 Be4+ 36. Kh2 Rh6 $36 {[%emt 0:00:28][%mdl 2048] Black is pushing.} 37. f5 {[%emt 0:01:25] aiming for Qxh6.} Rh5 38. f6 Rxf6 39. Bxf6 Qxf6 {[%emt 0:00:01] Really sharp!} 40. Rag1 $2 (40. Re1 $11) 40... g6 $2 ({Black should play} 40... Qe5 $1 $19 {[%cal Oh5h3] ( -> ...Rxh3+!)} 41. Qe2 (41. Qc3 $2 {gets mated.} Rxh3+ 42. Kxh3 Qh5#) 41... Rxh3+ $3 42. Kxh3 Bf5+ 43. Qg4 Bxg4+ 44. Rxg4 Qe6) 41. a6 $2 (41. Re1 $11 {and White has nothing to worry.}) 41... Qe5 $1 $19 42. R1g2 {[%emt 0:02:05] [#]} (42. a7 $2 {is a self mate.} Rxh3+ $3 43. Kxh3 Qh5#) (42. Qe2 $19 Rxh3+ 43. Kxh3 Bf5+ 44. Qg4) 42... Rxh3+ $3 {[%emt 0:00:13][%mdl 576] Pin} 43. Kg1 Qa1+ 44. Kf2 Rh1 45. Rg1 {[%emt 0:02:06] [#]} Rh2+ $2 (45... Qf6+ $1 {mates} 46. Ke1 Rh2 47. Qe2 Rxe2+ 48. Kxe2 Qb2+ 49. Ke3 Qc3+ 50. Ke2 Qc4+ 51. Ke1 Qc1+ 52. Ke2 Qc2+ 53. Ke3 Qxc5+ 54. Kd2 d4 55. a7 Qxa7 56. Re1 Qa5+ 57. Ke2 d3+ 58. Kf1 {[#]} d2 $1 59. Rd1 Qc7 60. Rg4 Bf3 61. Rxd2 Bxg4 62. Rf2 Qg3 63. Ra2 Bh3+ 64. Ke2 Qg2+ 65. Kd3 Qxa2 66. a4 Qxa4 67. Ke2 Qd4 68. Kf3 Bf1 69. Kg3 Qe3+ 70. Kh2 Qh3+ 71. Kg1 Qg2#) 46. R3g2 $2 Qf6+ 47. Ke1 Bxg2 ({Weaker is} 47... Rxg2 48. Rxg2 Bxg2 49. a7 $11) 48. a7 Qa1+ 49. Kf2 Be4+ 50. Kg3 Qe5+ 51. Qf4 Qxf4+ 52. Kxf4 Rf2+ {[%emt 0:00:06] Weighted Error Value: White=0.76/Black=0.57} 0-1

[Event "CCC-GM 2022"]
[Site "Ballerup"]
[Date "2022.05.27"]
[Round "5.4"]
[White "Haubro, Martin"]
[Black "Heimisson, Hilmir Freyr"]
[Result "1-0"]
[ECO "C42"]
[WhiteElo "2428"]
[BlackElo "2323"]
[Annotator "TA"]
[PlyCount "103"]
[EventDate "2022.05.25"]
[EventType "tourn"]
[EventCountry "DEN"]
[SourceTitle "playchess.com"]
[Source "ChessBase"]
[SourceQuality "1"]
[TimeControl "5400+30"]

1. e4 e5 2. Nf3 Nf6 3. Nxe5 d6 4. Nf3 Nxe4 5. d4 d5 6. Bd3 Bd6 7. O-O O-O 8. c4 c6 9. Nc3 Nxc3 10. bxc3 dxc4 11. Bxc4 Bg4 12. h3 Bh5 {[%emt 0:01:19] C42: Petroff Defence: 3 Nxe5 and unusual White 3rd moves.} 13. g4 $1 {[%emt 0:00:17][%mdl 4] is now more promising than 13.Re1.} Bg6 14. Ne5 Nd7 {[%emt 0:28:40] The position is equal.} 15. Nxg6 hxg6 16. Qf3 {[%emt 0:00:25] [#]} Rc8 $146 ({Predecessor:} 16... Qf6 17. Kg2 b5 18. Bb3 Qxf3+ 19. Kxf3 Nb6 20. a4 a5 21. Be3 Rfb8 22. h4 Kf8 {½-½ (38) Ter Sahakyan,S (2640)-Nyzhnyk,I (2665) Chess.com INT 2020}) 17. a4 Qc7 18. Be3 Nb6 19. Bb3 Nd5 20. Bxd5 cxd5 21. Qxd5 Rfd8 22. Qg2 {[%emt 0:00:14] Prevents Bh2+. White is more active.} (22. Qf3 $5 ) 22... Bf4 23. Rfe1 g5 24. Rac1 ({White should play} 24. Bxf4 $14 gxf4 25. Rac1) 24... Bxe3 $11 25. fxe3 Qa5 26. Qb2 Rc4 27. Qxb7 Rxc3 28. Qe7 Rxc1 29. Rxc1 {[%emt 0:00:06][%mdl 4096] Endgame KQR-KQR} Rb8 (29... Rf8 $1 $11 {was preferrable.}) 30. Qc7 $36 {[%emt 0:02:44][%mdl 2048] White is more active.} Qb4 31. Qxa7 Qb3 32. Qe7 f6 (32... Qb2 $1 $14 33. Rf1 f6 34. Qe6+ Kh8) 33. a5 $1 $16 {[%emt 0:01:01] Hoping for a6.} (33. Rc7 Qd1+ 34. Kh2 Rb2+ 35. Kg3 Qg1+ 36. Kf3 Qg2#) 33... Qb2 $2 (33... Qa2 $16) 34. Rc8+ Rxc8 35. Qe6+ Kh7 36. Qf5+ $1 (36. Qxc8 Qd2 $16) 36... Kh6 $2 (36... g6 37. Qd7+ (37. Qxc8 Qa1+ 38. Kf2 Qa2+ 39. Kf3 Qd5+ 40. Ke2 Qxa5 $16) 37... Kh8 38. Qxc8+ Kg7 39. Qd7+ Kf8 40. Qd8+ Kf7 41. Qc7+ Kg8 42. Qc4+ Kg7 43. Qc7+ Kg8 44. Qc8+ Kg7 45. Qd7+ Kf8 46. Qd6+ Kf7 47. Qd7+ Kf8) 37. Qxc8 $18 {White threatens Qh8+ and mate. KQ-KQ} Kh7 {[%emt 0:01:42] Prevents Qh8+.} 38. Qf5+ Kg8 39. Qc5 (39. Kf1 $142) 39... Qe2 40. d5 (40. Qa3 $18 {aiming for a6.} Kf7 41. Qc3) 40... Qe1+ (40... Qd2 $16 {might work better.} 41. d6 (41. a6 Qe1+ 42. Kg2 Qe2+ 43. Kg3 Qe1+ 44. Kf3 Qf1+ 45. Ke4 Qb1+ 46. Kd4 Qa1+ 47. Kc4 Qxa6+ 48. Qb5 Qa3 $18) 41... Kf7 42. Qc4+ Kf8 43. Qc8+ Kf7 44. Qd7+ Kg6 45. Qe8+ Kh7 46. Qe4+ (46. d7 Qe1+ 47. Kh2 Qf2+ 48. Kh1 Qe1+ 49. Kh2 Qf2+ 50. Kh1 Qe1+ 51. Kh2 $11) 46... Kg8 47. Qe8+ Kh7 48. Qe4+ (48. d7 Qe1+ 49. Kh2 Qf2+ 50. Kh1 Qe1+ 51. Kh2 Qf2+ 52. Kh1 Qe1+ 53. Kh2 $11) 48... Kh6) 41. Kg2 Qe2+ (41... Qd2+ $1 $11 {and Black has nothing to worry.} 42. Kf3 Qd3 43. Qc8+ Kf7 44. Qc7+ Kg6) 42. Kg3 Qe1+ $2 (42... Kf7 {was necessary.} 43. Qc3 Ke7 44. Qa3+ Kf7) 43. Kf3 $1 {[%emt 0:00:04] And now d6 would win.} Qf1+ $2 (43... Qd1+ $11 44. Ke4 Qb1+ 45. Kd4 Qd1+ 46. Kc4 f5 47. Qc8+ Kh7 48. Qxf5+ g6 49. Qf7+ Kh8 50. Qf8+ Kh7) 44. Ke4 Qb1+ 45. Kd4 Qd1+ {[%emt 0:00:19] [#]} 46. Kc4 $1 {[%emt 0:00:41] Strongly threatening Kb5.} Qe2+ $2 (46... Qf1+ $11 47. Kb4 Qb1+ 48. Ka4 Qe4+ 49. Kb5 Qb1+ 50. Kc6 Qb8) 47. Kb4 {[%emt 0:00:06] d6 would kill now.} Qb2+ {[%emt 0:00:36] [#]} 48. Ka4 $1 {[%emt 0:00:06] White mates.} Qa2+ 49. Kb5 Qe2+ 50. Kb6 Qb2+ 51. Ka7 Qe5 52. Qc8+ {[%emt 0:00:07] Weighted Error Value: White=0.13 (very precise) /Black=0.93} 1-0

[Event "CCC-GM 2022"]
[Site "Ballerup"]
[Date "2022.05.27"]
[Round "5.5"]
[White "Olsen, Filip Boe"]
[Black "Nielsen, Viktor Haarmark"]
[Result "1/2-1/2"]
[ECO "E10"]
[WhiteElo "2407"]
[BlackElo "2323"]
[Annotator "TA"]
[PlyCount "61"]
[EventDate "2022.05.25"]
[EventType "tourn"]
[EventCountry "DEN"]
[SourceTitle "playchess.com"]
[Source "ChessBase"]
[SourceQuality "1"]
[TimeControl "5400+30"]

1. d4 Nf6 2. c4 e6 3. Nf3 d5 4. g3 Bb4+ 5. Bd2 Bd6 6. Qc2 O-O 7. Bg2 c6 8. Nc3 {[%emt 0:00:08] D30: Queen's Gambit Declined: Systems without Nc3.} Nbd7 9. b3 b6 10. O-O {[%emt 0:00:20] White has an edge.} Bb7 11. e4 Nxe4 12. Nxe4 dxe4 13. Qxe4 Nf6 14. Qc2 c5 15. dxc5 Be4 16. Qb2 Bxc5 17. Bc3 {[%emt 0:01:05] [#]} Be7 $146 ({Predecessor:} 17... Qe7 18. b4 Bd6 19. Rfe1 Bxf3 20. Bxf3 Rac8 21. Be2 e5 22. Bf1 Rfe8 23. Rad1 Qe6 {1-0 (50) Kunte,A (2505)-Tarini,G (2034) Ahmedabad 2017}) 18. Rfe1 Bc6 19. Ne5 (19. Qc2 $5 ) 19... Bxg2 20. Kxg2 Qc7 21. Qe2 b5 22. Qf3 bxc4 23. Nxc4 Nd5 24. Be5 Qb7 25. Kg1 Rad8 26. Red1 Rd7 27. h4 Bf6 28. Bxf6 Nxf6 29. Qxb7 Rxb7 30. Rd6 Ne4 31. Rd4 {[%emt 0:00:49] Weighted Error Value: White=0.04 (flawless) /Black=0.03 (flawless)} 1/2-1/2

[Event "CCC-GM 2022"]
[Site "Ballerup"]
[Date "2022.05.28"]
[Round "6.1"]
[White "Brondt, Nicolai Kvist"]
[Black "Haubro, Martin"]
[Result "1/2-1/2"]
[ECO "D31"]
[WhiteElo "2241"]
[BlackElo "2428"]
[Annotator "TA"]
[PlyCount "67"]
[EventDate "2022.05.25"]
[EventType "tourn"]
[EventCountry "DEN"]
[SourceTitle "playchess.com"]
[Source "ChessBase"]
[SourceQuality "1"]
[TimeControl "5400+30"]

1. d4 d5 2. c4 e6 3. Nc3 a6 4. cxd5 exd5 5. Nf3 Nf6 6. Bg5 {[%emt 0:00:07] D37: Queen's Gambit Declined: 5 Bf4.} Be6 7. e3 Nbd7 8. h3 c6 9. Bd3 Bd6 10. Bf4 Qc7 11. Bxd6 Qxd6 12. O-O {[%emt 0:01:54] [#]} O-O-O $146 (12... O-O $11) ({Predecessor:} 12... O-O 13. Qb3 Rfe8 14. a4 a5 15. Qa3 Qb8 16. b4 axb4 17. Qxb4 Nf8 18. Rfb1 Ra7 {1-0 (33) Yilmaz,M (2631)-Andreikin,D (2729) Chess.com INT 2022}) 13. Ng5 h6 14. Nxe6 fxe6 15. Qa4 (15. b4 $1 $14) 15... Nb8 (15... Kb8 $11 {remains equal.}) 16. Rad1 (16. b4 $16) 16... g5 $11 17. e4 dxe4 18. Nxe4 Nxe4 19. Bxe4 g4 (19... Nd7 $11) 20. hxg4 $16 h5 21. g5 {[%emt 0:03:07] White is more active.} Qf4 22. Qc2 {[%emt 0:03:07] aiming for g6.} Qxg5 23. Qc5 {[%emt 0:01:56] Prevents Rd6.} (23. f4 $14 Qg7 24. f5 exf5 25. Bxf5+ Kc7 26. d5) 23... Rhg8 24. Rfe1 Qf6 (24... Qxc5 $14 25. dxc5 Rg5) 25. Qe5 (25. Qxh5 $16 Rh8 26. Qg6 (26. Qe5 Qh6 $14)) 25... Rdf8 (25... Qxe5 $1 $11 26. dxe5 Rg5) 26. Rd2 (26. Qxf6 $14 Rxf6 27. Bc2) 26... Nd7 27. Qxf6 (27. Qd6 {is interesting.} Qf4 28. Qxf4 Rxf4 29. Bc2) 27... Rxf6 28. Bc2 Kc7 29. Rde2 (29. Bb3 {is more complex.} Kd6 30. Rde2 Rgg6 31. Re5) 29... Nf8 30. Re5 Rh8 31. R1e3 {[%emt 0:00:15] White is slightly better.} Rf4 32. R3e4 Rxe4 33. Rxe4 Kd6 34. Bb3 {[%emt 0:03:00] Weighted Error Value: White=0.28 (precise) /Black=0.28 (precise)} 1/2-1/2

[Event "CCC-GM 2022"]
[Site "Ballerup"]
[Date "2022.05.28"]
[Round "6.2"]
[White "Nielsen, Viktor Haarmark"]
[Black "Hacker, Jonas"]
[Result "0-1"]
[ECO "B48"]
[WhiteElo "2323"]
[BlackElo "2396"]
[Annotator "TA"]
[PlyCount "50"]
[EventDate "2022.05.25"]
[EventType "tourn"]
[EventCountry "DEN"]
[SourceTitle "playchess.com"]
[Source "ChessBase"]
[SourceQuality "1"]
[TimeControl "5400+30"]

1. e4 c5 2. Nf3 e6 3. d4 cxd4 4. Nxd4 Nc6 5. Nc3 Qc7 6. Be3 a6 7. g4 {[%emt 0:00:05] B48: Sicilian: Taimanov: 5 Nc3 Qc7 6 Be3 a6 without Be2.} b5 8. Nxc6 Qxc6 9. Qd2 {[%emt 0:00:06] White has an edge.} b4 10. Ne2 Qxe4 11. Rg1 {[%emt 0:00:07] aiming for Bg2.} Qc6 12. Bg2 d5 13. O-O-O {[%emt 0:00:33] [#]} Bb7 $146 ({Predecessor:} 13... Bd7 14. Rge1 Ne7 15. Nf4 Rc8 16. Kb1 a5 17. h4 Qd6 18. g5 a4 19. Bd4 h6 {1-0 (33) Rojas,J (2251)-Enguidanos Gimeno,S (2058) ICCF email 2020}) 14. Nf4 Nf6 15. Bd4 Rc8 16. g5 Ne4 17. Bxe4 dxe4 18. Nh5 Rg8 ({Much less strong is} 18... Rd8 19. Qf4 Rc8 20. Rd2 $18) 19. Bf6 Qd5 $15 20. b3 {[%emt 0:11:10] [#]} Qxd2+ $1 $17 21. Rxd2 {[%emt 0:00:06] [#]} (21. Kxd2 $17 a5 22. Be5) 21... e3 $1 $19 22. fxe3 {[%emt 0:09:57][%cal Og1d1] Strongly threatening Rgd1!} Bf3 {[%emt 0:00:36] Prevents Rgd1.} 23. Rgd1 Bxd1 24. Rxd1 Bc5 25. Nxg7+ Kf8 {[%emt 0:04:18] Weighted Error Value: White=0.28 (precise) /Black=0.03 (flawless)} 0-1